 Dungeon Crawl Stone Soup version 0.24-a0-201-gf205589 (webtiles) character file.

Game seed: 9157666321074327613

5973 nikopol the Thaumaturge (level 10, -30/52 HPs)
             Began as a Deep Elf Fire Elementalist on Mar 19, 2019.
             Was a Believer of Vehumet.
             Shot with a bolt by an orc knight (34 damage)
             ... on level 7 of the Dungeon on Mar 20, 2019.
             The game lasted 00:32:33 (9599 turns).

nikopol the Thaumaturge (DEFE)                      Turns: 9599, Time: 00:32:35

Health: -30/52     AC:  5    Str:  5    XL:     10   Next: 55%
Magic:  8/28       EV: 14    Int: 24    God:    Vehumet [**....]
Gold:   498        SH:  4    Dex: 15    Spells: 18/33 levels left

rFire    + . .     SeeInvis +   g - +0 dagger
rCold    . . .     Gourm    .   F - +0 buckler
rNeg     . . .     Faith    .   a - +0 robe
rPois    .         Spirit   .   o - +1 helmet
rElec    .         Reflect  .   D - +0 cloak
rCorr    .         Harm     .   (no gloves)
MR       +....                  (no boots)
Stlth    +++.......             (no amulet)
HPRegen  0.17/turn              p - ring of protection from fire
MPRegen  0.21/turn              v - ring of see invisible

@: no status effects
A: no striking features
a: Renounce Religion


You were on level 7 of the Dungeon.
You worshipped Vehumet.
Vehumet was pleased with you.
You were not hungry.

You visited 2 branches of the dungeon, and saw 8 of its levels.
You also visited: Sewer.

You collected 498 gold pieces.

Inventory:

Hand Weapons
 g - a +0 dagger (weapon)
Armour
 a - a +0 robe (worn)
 o - a +1 helmet (worn)
 D - a +0 cloak (worn)
 F - a +0 buckler (worn)
Jewellery
 p - a ring of protection from fire (left hand)
 t - an uncursed ring of positive energy
 v - a ring of see invisible (right hand)
 E - a cursed ring of teleportation {unknown}
 G - an uncursed ring of resist corrosion {unknown}
 H - an uncursed amulet of harm {unknown}
Wands
 y - a wand of paralysis (13)
 z - a wand of random effects (10)
 C - a wand of polymorph (5)
Scrolls
 f - 4 scrolls of remove curse
 i - 3 scrolls of identify
 j - a scroll of vulnerability {unknown}
 k - 8 scrolls of teleportation
 l - 2 scrolls of fog
 n - 3 scrolls of fear {unknown}
 q - a scroll of enchant weapon {unknown}
Potions
 d - 4 potions of curing
 e - a potion of berserk rage
 h - a potion of ambrosia
 r - a potion of mutation {unknown}
 s - 5 potions of flight
 u - 2 potions of lignification {unknown}
 w - 2 potions of cancellation
 x - a potion of might {unknown}
 A - 3 potions of haste {unknown}
 B - 2 potions of brilliance
Comestibles
 c - 20 rations


   Skills:
 + Level 1.5 Fighting
 + Level 4.5 Dodging
 + Level 5.5 Stealth
 * Level 2.0 Shields
 + Level 12.3 Spellcasting
 + Level 9.2 Conjurations
 + Level 9.0 Fire Magic


You had 18 spell levels left.
You knew the following spells:

 Your Spells              Type           Power        Failure   Level  Hunger
a - Flame Tongue          Conj/Fire      #####        1%          1    None
b - Throw Flame           Conj/Fire      ######       1%          2    None
c - Conjure Flame         Conj/Fire      ######..     1%          3    None
d - Sticky Flame          Conj/Fire      ######..     1%          4    None
e - Fireball              Conj/Fire      ######....   3%          5    ###....

Your spell library contained the following spells:

 Spells                   Type           Power        Failure   Level  Hunger
 Mephitic Cloud           Conj/Pois/Air  ####....     4%          3    None
 Inner Flame              Hex/Fire       #####...     2%          3    None
 Stone Arrow              Conj/Erth      #####.       2%          3    None
 Animate Skeleton         Necr           N/A          5%          1    None
 Confusing Touch          Hex            ##....       5%          1    None
 Pain                     Necr           ##..         5%          1    None
 Sandblast                Erth           ##....       5%          1    None
 Passwall                 Tmut/Erth      ##......     8%          2    None
 Confuse                  Hex            ##......     16%         3    None
 Gell's Gravitas          Tloc           ##........   16%         3    None
 Regeneration             Chrm/Necr      ##........   16%         3    None
 Vampiric Draining        Necr           ##........   16%         3    None
 Animate Dead             Necr           N/A          45%         4    None
 Petrify                  Tmut/Erth      ##......     45%         4    None
 Lee's Rapid Deconstruct  Erth           ##........   82%         5    ###....
 Metabolic Englaciation   Hex/Ice        ##........   82%         5    ###....
 Yara's Violent Unravell  Hex/Tmut       ##........   82%         5    ###....


Dungeon Overview and Level Annotations

Branches:
Dungeon (7/15)             Temple (1/1) D:4

Altars:
Ashenzari
Cheibriados
Fedhas
Hepliaklqana
Makhleb
Nemelex Xobeh
Okawaru
Ru
Sif Muna
Uskayaw
Vehumet
Zin


Message History

The orc knight burns!
The orc knight is engulfed in blazing flames.
The orc knight hits you with a +0 war axe!
Casting: Flame Tongue (safe; 1% risk of failure)
Confirm with . or Enter, or press ? or * to list all spells.
Aiming: Flame Tongue (safe; 1% risk of failure)
Press: ? - help, Shift-Dir - straight line, f/p - orc knight
Aim: an orc knight, wielding a +0 war axe and wearing a +0 chain mail (flame, heavily wounded, covered in liquid flames)
The flame tongue hits the orc knight.
The orc knight is severely wounded.
The orc knight burns!
The orc knight is engulfed in blazing flames.
The orc knight hits you with a +0 war axe!
* * * LOW HITPOINT WARNING * * *
The orc knight burns!
The orc knight stops burning.
The orc knight is engulfed in blazing flames.
The orc knight unwields a +0 war axe.
The orc knight wields a +0 arbalest.
The orc knight shoots a bolt.
The bolt hits you!!
Ouch! That really hurt!
You die...

###.........##..###...###.÷..#
..#.........#......[......<..#
..#.........#......[.........#
..#.........#......o.[.......#
###.........######..)#..#....#
#......##'###...##)..#########
#......#.........#....#
#......#.........#....#
#.÷....#........@#....#
#......#.........#....#
#...!..#.........o....#
#......#.........#....#
#......#.........#....#
#.)))..##..####.###############
..)#'###############.##.#..#..#
...#....#...............#..#..#
...#....#.......).......#..'..#


You could see an orc knight.

Vanquished Creatures
  Pikel (D:4)
  An orc knight (D:7)
  Eustachio (D:4)
  A yak (D:7)
  A human (D:7)
  3 hogs (D:7)
  14 wargs (D:7)
  Edmund (D:4)
  Purgy (Sewer)
  7 orc warriors
  4 ice beasts
  An ogre (D:4)
  A bullfrog (D:5)
  A water moccasin zombie (D:3)
  4 scorpions
  A howler monkey (D:4)
  A bullfrog zombie (D:5)
  A jelly (D:6)
  5 hounds
  6 orc priests
  A centaur skeleton (D:4)
  An orc wizard (D:4)
  3 iguanas
  Natasha (thrice) (D:3)
  3 worker ants
  7 adders
  A shadow imp (D:6)
  An ooze (D:3)
  5 worms
  3 dart slugs (D:1)
  6 leopard geckos
  42 orcs
  2 ball pythons (Sewer)
  7 bats
  6 giant cockroaches
  7 goblins
  11 hobgoblins
  8 jackals
  8 kobolds
  2 quokkas
  9 frilled lizards
  A jackal skeleton (D:5)
  A leopard gecko zombie (D:5)
  A quokka skeleton (D:4)
  5 rats
200 creatures vanquished.

Vanquished Creatures (others)
  2 plants (D:7)
2 creatures vanquished.

Grand Total: 202 creatures vanquished

Notes
Turn   | Place    | Note
-------+----------+-------------------------------------------
     0 | D:1      | nikopol the Deep Elf Fire Elementalist began the quest for
                  | the Orb.
     0 | D:1      | Reached XP level 1. HP: 10/10 MP: 6/6
   108 | D:1      | Reached XP level 2. HP: 15/15 MP: 4/8
   447 | D:1      | Reached XP level 3. HP: 19/19 MP: 3/9
  1286 | D:2      | Reached skill level 4 in Spellcasting
  1397 | D:2      | Reached XP level 4. HP: 24/24 MP: 9/12
  1403 | D:2      | Learned a level 2 spell: Throw Flame
  1407 | D:2      | Learned a level 3 spell: Conjure Flame
  1412 | D:2      | Learned a level 4 spell: Sticky Flame
  2160 | D:3      | Reached XP level 5. HP: 13/28 MP: 1/14
  2521 | D:3      | Found a sacrificial altar of Ru.
  2670 | D:3      | Noticed Natasha
  2679 | D:3      | Killed Natasha
  2872 | D:3      | Noticed Natasha
  2879 | D:3      | Killed Natasha
  2879 | D:3      | Reached skill level 5 in Spellcasting
  3045 | D:3      | Found a deep blue altar of Sif Muna.
  3178 | D:4      | Reached XP level 6. HP: 24/32 MP: 10/16
  3311 | D:4      | Reached skill level 6 in Spellcasting
  3340 | D:4      | Learned a level 5 spell: Fireball
  3519 | D:4      | Noticed Eustachio
  3847 | D:4      | Noticed Edmund
  3854 | D:4      | Killed Edmund
  3854 | D:4      | Reached XP level 7. HP: 36/36 MP: 8/19
  3898 | D:4      | Reached skill level 5 in Fire Magic
  4012 | D:4      | Reached skill level 7 in Spellcasting
  4242 | D:4      | Found a burning altar of Makhleb.
  4286 | D:4      | Found a staircase to the Ecumenical Temple.
  4364 | Temple   | Entered the Ecumenical Temple
  4383 | Temple   | Became a worshipper of Vehumet
  4511 | D:4      | Killed Eustachio
  4511 | D:4      | Reached skill level 5 in Conjurations
  4641 | D:3      | Noticed Natasha
  4647 | D:3      | Killed Natasha
  4647 | D:3      | Reached skill level 8 in Spellcasting
  4832 | D:4      | Reached XP level 8. HP: 41/41 MP: 19/22
  4864 | D:4      | Found a shattered altar of Ashenzari.
  4958 | D:4      | Noticed Pikel
  4964 | D:4      | Killed Pikel
  5094 | D:5      | Entered Level 5 of the Dungeon
  5182 | D:5      | Found a glowing drain.
  5197 | Sewer    | Entered a sewer
  5247 | Sewer    | Noticed Purgy
  5253 | Sewer    | Killed Purgy
  5253 | Sewer    | Reached skill level 9 in Spellcasting
  5769 | D:5      | Reached * piety under Vehumet
  5769 | D:5      | Offered knowledge of Magic Dart by Vehumet.
  6046 | D:5      | Found a hazy altar of Hepliaklqana.
  6312 | D:6      | Reached XP level 9. HP: 46/46 MP: 17/24
  6991 | D:6      | Reached skill level 10 in Spellcasting
  7755 | D:7      | Reached skill level 1 in Fighting
  7853 | D:7      | Offered knowledge of Shock by Vehumet.
  7886 | D:7      | Reached ** piety under Vehumet
  7977 | D:7      | Noticed an orc knight
  8172 | D:7      | Reached skill level 11 in Spellcasting
  8174 | D:7      | Reached skill level 5 in Stealth
  8174 | D:7      | Reached XP level 10. HP: 52/52 MP: 12/27
  8702 | D:7      | Found a snail-covered altar of Cheibriados.
  8702 | D:7      | Found a blossoming altar of Fedhas.
  8762 | D:7      | Noticed an orc knight
  9049 | D:7      | Reached skill level 12 in Spellcasting
  9179 | D:7      | Reached skill level 1 in Shields
  9474 | D:7      | Offered knowledge of Mephitic Cloud by Vehumet.
  9510 | D:7      | Noticed an orc knight
  9523 | D:7      | Killed an orc knight
  9599 | D:7      | Shot with a bolt by an orc knight

Levels and vault maps discovered:
D:1:      roderic_dead_forest, layout_loops_corners
D:2:      wander_river, layout_loops_corners, first_ration, serial_bayou,
          serial_bayou_lagoon_a, serial_bayou_pond_e, serial_bayou_pond_c,
          serial_bayou_ford_a
D:3:      layout_basic, nicolae_ru_path_of_blood, led_sif_pool, uniq_natasha
D:4:      layout_cave_pools, lemuel_crystal_altar, temple_green,
          minmay_ruined_shrine, uniq_edmund, uniq_pikel, uniq_eustachio
D:5:      layout_cave_pods, kennysheep_mini_moat, gup_sewer_entry_pipe
D:6:      layout_gridville
D:7:      lemuel_castle_with_subvaults [lemuel_castle_interior_carwin_3],
          layout_gridville, gammafunk_temple_overflow_wave, grunt_livestock
Temple:   kb_temple_of_zot
Sewer:    sewer_co_purgy_island

Skill      XL: |  1  2  3  4  5  6  7  8  9 10 |
---------------+-------------------------------+-----
Fire Magic     | 4 5 7 8 9 |  9.0
Spellcasting   | 4 5 6 8 9 11 12 | 12.3
Dodging        | 3 4 |  4.5
Stealth        | 3 4 5 |  5.5
Conjurations   | 2 3 4 5 6 8 9 |  9.2
Fighting       | 1 |  1.5
Shields        | 2 |  2.0

Action                   |  1- 3 |  4- 6 |  7- 9 | 10-12 || total
-------------------------+-------+-------+-------+-------++-------
 Cast: Flame Tongue      |    68 |   110 |   127 |    64 ||   369
       Sticky Flame      |       |     3 |    28 |     8 ||    39
       Throw Flame       |       |     2 |    33 |    35 ||    70
       Conjure Flame     |       |     1 |     3 |     4 ||     8
       Fireball          |       |       |    10 |     5 ||    15
  Use: Scroll            |       |     3 |    14 |     2 ||    19
       Potion            |       |       |       |     1 ||     1
  Eat: Chunk             |     1 |     7 |    14 |     5 ||    27
       Ration            |       |       |     1 |       ||     1
Armor: Robe              |     2 |    14 |    11 |     1 ||    28
Dodge: Dodged            |    10 |    54 |    41 |    11 ||   116
Block: Buckler           |       |       |       |     2 ||     2

Table legend:
 A = Non-vault XP
 B = Vault XP
 C = Vault XP percentage of total XP
 D = Non-vault monster count
 E = Vault monster count
 F = Vault count percentage of total count
                 A         B        C        D         E       F
            +---------+---------+-------+---------+---------+-------
      Total |    2586 |    5948 |  69.7 |     129 |      71 |  35.5
            +---------+---------+-------+---------+---------+-------
        D:1 |      56 |       0 |   0.0 |      29 |       0 |   0.0
        D:2 |      55 |       0 |   0.0 |      13 |       0 |   0.0
        D:3 |     293 |      35 |  10.7 |      30 |       1 |   3.2
        D:4 |     547 |    1098 |  66.7 |      21 |       6 |  22.2
        D:5 |     424 |      15 |   3.4 |      13 |       6 |  31.6
        D:6 |     729 |       0 |   0.0 |      14 |       0 |   0.0
        D:7 |     482 |    4638 |  90.6 |       9 |      50 |  84.7
      Sewer |       0 |     162 | 100.0 |       0 |       8 | 100.0
            +---------+---------+-------+---------+---------+-------
